TOP OF THE 1ST |
Detroit (APP) Tigers batting - Pitching for Oakland (APP) Athletics : LHP Logan Stewart
|
Pitching: LHP Logan Stewart
|
|
Batting: RHB Alex Duarte
|
0-0: DOUBLE (Groundball, 5L, EV 105.0 MPH)
|
Batting: RHB Jamie Villagrana
|
0-0: Ball 1-0: Ball 2-0: Ball 3-0: Called Strike 3-1: Foul Ball, location: 2F 3-2: SINGLE (Line Drive, 4MD, EV 98.1 MPH) Alex Duarte to third
|
Batting: RHB Nate Dabney
|
0-0: Called Strike 0-1: Called Strike 0-2: Foul Ball, location: 2F 0-2: Ball 1-2: Foul Ball, location: 2F 1-2: Fielders Choice at 2nd, 6-4 (Groundball, 6M, EV 106.9 MPH) Alex Duarte scores
|
Batting: RHB Jorge Lebron
|
0-0: DOUBLE (Flyball, 8RXD, EV 99.4 MPH) Nate Dabney to third
|
Batting: RHB Khalil Coleman
|
0-0: Ball 1-0: Ball 2-0: Called Strike 2-1: Swinging Strike 2-2: Strikes out looking
|
Batting: LHB Glen Boyle
|
0-0: Called Strike 0-1: Ball 1-1: Foul Ball, location: 2F 1-2: Ball 2-2: Strikes out swinging
|
Top of the 1st over - 1 run, 3 hits, 0 errors, 2 left on base; Detroit (APP) 1 - Oakland (APP) 0 |
BOTTOM OF THE 1ST |
Oakland (APP) Athletics batting - Pitching for Detroit (APP) Tigers : RHP Danny Whitfield
|
Pitching: RHP Danny Whitfield
|
|
Batting: LHB Diego Vega
|
0-0: Foul Ball, location: 2F 0-1: Fly out, F8 (Flyball, 8LM, EV 99.4 MPH)
|
Batting: RHB Gabe Secundino
|
0-0: Ground out 1-3 (Groundball, 13S, EV 73.8 MPH)
|
Batting: RHB Phoctor Dill
|
0-0: Called Strike 0-1: Swinging Strike 0-2: Fly out, F6 (Popup, 6, EV 53.1 MPH)
|
Bottom of the 1st over - 0 runs, 0 hits, 0 errors, 0 left on base; Detroit (APP) 1 - Oakland (APP) 0 |
TOP OF THE 2ND |
Detroit (APP) Tigers batting - Pitching for Oakland (APP) Athletics : LHP Logan Stewart
|
Batting: RHB Cody Kafer
|
0-0: Called Strike 0-1: Ball 1-1: Called Strike 1-2: Ball 2-2: Foul Ball, location: 2F 2-2: Strikes out swinging
|
Pitching: RHP Manny Tienda
|
|
Batting: RHB Peter Jones
|
0-0: Foul Ball, location: 2F 0-1: SINGLE (Flyball, 9LM, EV 91.2 MPH)
|
Batting: RHB Rick Brinkmann
|
0-0: Foul Ball, location: 2F 0-1: Foul Ball, location: 2F 0-2: Foul Ball, location: 2F 0-2: Strikes out swinging
|
Batting: RHB Alex Duarte
|
0-0: Swinging Strike 0-1: Foul Ball, location: 2F 0-2: Ball 1-2: Strikes out swinging
|
Top of the 2nd over - 0 runs, 1 hit, 0 errors, 1 left on base; Detroit (APP) 1 - Oakland (APP) 0 |
BOTTOM OF THE 2ND |
Oakland (APP) Athletics batting - Pitching for Detroit (APP) Tigers : RHP Danny Whitfield
|
Batting: RHB Toyohiko Nakajima
|
0-0: Foul Ball, location: 2F 0-1: DOUBLE (Groundball, 5L, EV 105.6 MPH)
|
Batting: RHB Pete Goerge
|
0-0: Foul Ball, location: 2F 0-1: Ball 1-1: Fly out, F7 (Flyball, 78S, EV 87.5 MPH)
|
Batting: RHB Jeff Goodrum
|
0-0: Foul Ball, location: 2F 0-1: Called Strike 0-2: Ball 1-2: Ball 2-2: Ball 3-2: Strikes out swinging
|
Batting: LHB Bryan Hodensack
|
0-0: Ball 1-0: Foul Ball, location: 2F 1-1: Swinging Strike 1-2: Strikes out swinging
|
Bottom of the 2nd over - 0 runs, 1 hit, 0 errors, 1 left on base; Detroit (APP) 1 - Oakland (APP) 0 |
TOP OF THE 3RD |
Detroit (APP) Tigers batting - Pitching for Oakland (APP) Athletics : RHP Manny Tienda
|
Batting: RHB Jamie Villagrana
|
0-0: Ball 1-0: Ball 2-0: SINGLE (Groundball, 6D, EV 95.0 MPH)
|
Batting: RHB Nate Dabney
|
0-0: Ball 1-0: Fly out, F8 (Line Drive, 8LD, EV 104.4 MPH)
|
Batting: RHB Jorge Lebron
|
0-0: Called Strike 0-1: Ball 1-1: Ball 2-1: Ball 3-1: Foul Ball, location: 2F 3-2: Ground out 1-3 (Groundball, 23, EV 68.1 MPH) Jamie Villagrana to second
|
Batting: RHB Khalil Coleman
|
0-0: SINGLE (Groundball, 34D, EV 105.6 MPH) Jamie Villagrana to third Runner from 3rd tries for Home, SAFE, throw by RF to home Khalil Coleman to second
|
Batting: LHB Glen Boyle
|
0-0: Foul Ball, location: 2F 0-1: Ball 1-1: Ball 2-1: Ball 3-1: SINGLE (Groundball, 6MD, EV 103.8 MPH) Khalil Coleman to third
|
Batting: RHB Cody Kafer
|
0-0: Called Strike 0-1: Foul Ball, location: 2F 0-2: Ball 1-2: Foul Ball, location: 2F 1-2: DOUBLE (Flyball, 8RXD, EV 99.4 MPH) Khalil Coleman scores Glen Boyle to third
|
Batting: RHB Peter Jones
|
0-0: Ball Wild Pitch! Glen Boyle scores Cody Kafer to third 1-0: Fly out, F7 (Flyball, 7LM, EV 80.0 MPH)
|
Top of the 3rd over - 3 runs, 4 hits, 0 errors, 1 left on base; Detroit (APP) 4 - Oakland (APP) 0 |
BOTTOM OF THE 3RD |
Oakland (APP) Athletics batting - Pitching for Detroit (APP) Tigers : RHP Danny Whitfield
|
Batting: RHB Matt Aston
|
0-0: Foul Ball, location: 2F 0-1: Swinging Strike 0-2: Ball 1-2: Ball 2-2: Strikes out swinging
|
Batting: RHB Dave Villarreal
|
0-0: Ball 1-0: Called Strike 1-1: Foul Ball, location: 2F 1-2: Foul Ball, location: 2F 1-2: Ball 2-2: Strikes out swinging
|
Batting: LHB Diego Vega
|
0-0: Swinging Strike 0-1: Called Strike 0-2: TRIPLE (Flyball, 89XD, EV 93.1 MPH)
|
Batting: RHB Gabe Secundino
|
0-0: Ball 1-0: Ground out U3 (Groundball, 3S, EV 78.1 MPH)
|
Bottom of the 3rd over - 0 runs, 1 hit, 0 errors, 1 left on base; Detroit (APP) 4 - Oakland (APP) 0 |
TOP OF THE 4TH |
Detroit (APP) Tigers batting - Pitching for Oakland (APP) Athletics : RHP Manny Tienda
|
Batting: RHB Rick Brinkmann
|
0-0: Ground out 5-3 (Groundball, 56S, EV 85.6 MPH)
|
Batting: RHB Alex Duarte
|
0-0: Called Strike 0-1: Ball 1-1: Ground out 4-3 (Groundball, 4S, EV 88.8 MPH)
|
Pitching: RHP Quincy Potvin
|
|
Batting: RHB Jamie Villagrana
|
0-0: Ball 1-0: Foul Ball, location: 2F 1-1: Ball 2-1: Ball 3-1: Base on Balls
|
Batting: RHB Nate Dabney
|
0-0: Ball 1-0: Ball 2-0: Foul Ball, location: 2F 2-1: Ball 3-1: Base on Balls Jamie Villagrana to second
|
Batting: RHB Jorge Lebron
|
0-0: Ball 1-0: Called Strike 1-1: Called Strike 1-2: Strikes out swinging
|
Top of the 4th over - 0 runs, 0 hits, 0 errors, 2 left on base; Detroit (APP) 4 - Oakland (APP) 0 |
BOTTOM OF THE 4TH |
Oakland (APP) Athletics batting - Pitching for Detroit (APP) Tigers : RHP Danny Whitfield
|
Batting: RHB Phoctor Dill
|
0-0: SINGLE (Groundball, 4MD, EV 101.2 MPH)
|
Batting: RHB Toyohiko Nakajima
|
0-0: Called Strike Phoctor Dill steals 2nd base 0-1: Fly out, F8 (Flyball, 8RD, EV 106.2 MPH)
|
Batting: RHB Pete Goerge
|
0-0: Ground out 6-3 (Groundball, 6, EV 78.1 MPH)
|
Batting: RHB Jeff Goodrum
|
0-0: Ball 1-0: Fly out, F7 (Flyball, 7LS, EV 89.4 MPH)
|
Bottom of the 4th over - 0 runs, 1 hit, 0 errors, 1 left on base; Detroit (APP) 4 - Oakland (APP) 0 |
TOP OF THE 5TH |
Detroit (APP) Tigers batting - Pitching for Oakland (APP) Athletics : RHP Quincy Potvin
|
Batting: RHB Khalil Coleman
|
0-0: Fly out, F4 (Line Drive, 4, EV 66.9 MPH)
|
Batting: LHB Glen Boyle
|
0-0: Called Strike 0-1: Ball 1-1: Swinging Strike 1-2: Strikes out looking
|
Batting: RHB Cody Kafer
|
0-0: Ball 1-0: Swinging Strike 1-1: Ball 2-1: Ball 3-1: Fly out, F9 (Flyball, 9, EV 71.9 MPH)
|
Top of the 5th over - 0 runs, 0 hits, 0 errors, 0 left on base; Detroit (APP) 4 - Oakland (APP) 0 |
BOTTOM OF THE 5TH |
Oakland (APP) Athletics batting - Pitching for Detroit (APP) Tigers : RHP Danny Whitfield
|
Batting: LHB Bryan Hodensack
|
0-0: Called Strike 0-1: Ball 1-1: SINGLE (Line Drive, 7S, EV 91.2 MPH)
|
Batting: RHB Matt Aston
|
0-0: Fielders Choice at 2nd, 4-6 (Groundball, 4, EV 84.4 MPH)
|
Batting: RHB Dave Villarreal
|
0-0: Fly out, F8 (Flyball, 78XD, EV 89.4 MPH)
|
Batting: LHB Diego Vega
|
0-0: Called Strike 0-1: Ball 1-1: Ball Matt Aston steals 2nd base 2-1: Called Strike 2-2: Fly out, F7 (Flyball, 78M, EV 90.0 MPH)
|
Bottom of the 5th over - 0 runs, 1 hit, 0 errors, 1 left on base; Detroit (APP) 4 - Oakland (APP) 0 |
TOP OF THE 6TH |
Detroit (APP) Tigers batting - Pitching for Oakland (APP) Athletics : RHP Quincy Potvin
|
Batting: RHB Peter Jones
|
0-0: Called Strike 0-1: Ball 1-1: Ball 2-1: DOUBLE (Flyball, 8RXD, EV 96.9 MPH)
|
Batting: RHB Rick Brinkmann
|
0-0: Foul Ball, location: 2F 0-1: Ball 1-1: Called Strike 1-2: Ground out 6-3 (Groundball, 6, EV 85.6 MPH)
|
Batting: RHB Alex Duarte
|
0-0: Ball 1-0: Foul Ball, location: 2F 1-1: Ball 2-1: Called Strike 2-2: Foul Ball, location: 2F 2-2: SINGLE (Groundball, 15S, EV 69.4 MPH) (infield hit) Peter Jones to third
|
Pitching: RHP Matt Schmidt
|
|
Batting: RHB Jamie Villagrana
|
0-0: Swinging Strike 0-1: Foul Ball, location: 2F 0-2: Ball 1-2: Strikes out looking
|
Batting: RHB Nate Dabney
|
0-0: Ball 1-0: Foul Ball, location: 2F 1-1: Ball 2-1: Swinging Strike 2-2: Strikes out swinging
|
Top of the 6th over - 0 runs, 2 hits, 0 errors, 2 left on base; Detroit (APP) 4 - Oakland (APP) 0 |
BOTTOM OF THE 6TH |
Oakland (APP) Athletics batting - Pitching for Detroit (APP) Tigers : RHP Danny Whitfield
|
Batting: RHB Gabe Secundino
|
0-0: Foul Ball, location: 2F 0-1: Ball 1-1: Foul Ball, location: 2F 1-2: Foul Ball, location: 2F 1-2: Fly out, F7 (Flyball, 78M, EV 75.0 MPH)
|
Batting: RHB Phoctor Dill
|
0-0: Fly out, F7 (Flyball, 7LMF, EV 87.5 MPH)
|
Batting: RHB Toyohiko Nakajima
|
0-0: Called Strike 0-1: Ball 1-1: Ball 2-1: Foul Ball, location: 2F 2-2: Strikes out swinging
|
Bottom of the 6th over - 0 runs, 0 hits, 0 errors, 0 left on base; Detroit (APP) 4 - Oakland (APP) 0 |
TOP OF THE 7TH |
Detroit (APP) Tigers batting - Pitching for Oakland (APP) Athletics : RHP Matt Schmidt
|
Batting: RHB Jorge Lebron
|
0-0: Swinging Strike 0-1: Foul Ball, location: 2F 0-2: Ball 1-2: SOLO HOME RUN (Flyball, 7D, EV 99.4 MPH), Distance : 393 ft
|
Batting: RHB Khalil Coleman
|
0-0: Ball 1-0: Ball 2-0: Ball 3-0: Called Strike 3-1: Base on Balls
|
Batting: LHB Glen Boyle
|
0-0: Swinging Strike 0-1: Ball 1-1: Foul Ball, location: 2F 1-2: SINGLE (Groundball, 3D, EV 105.6 MPH) Khalil Coleman to second Runner from 2nd tries for 3rd, SAFE, throw by RF made to third
|
Batting: RHB Cody Kafer
|
0-0: Called Strike 0-1: Ball 1-1: Foul Ball, location: 2F 1-2: Strikes out swinging
|
Batting: RHB Peter Jones
|
0-0: Fielders Choice at 2nd, 4-6 (Groundball, 13, EV 83.1 MPH) Khalil Coleman scores
|
Batting: RHB Rick Brinkmann
|
0-0: Called Strike 0-1: Ball 1-1: Ball 2-1: Called Strike 2-2: Strikes out swinging
|
Top of the 7th over - 2 runs, 2 hits, 0 errors, 1 left on base; Detroit (APP) 6 - Oakland (APP) 0 |
BOTTOM OF THE 7TH |
Oakland (APP) Athletics batting - Pitching for Detroit (APP) Tigers : RHP Danny Whitfield
|
Batting: RHB Pete Goerge
|
0-0: Ball 1-0: Ball 2-0: Ground out 6-3 (Groundball, P, EV 79.4 MPH)
|
Batting: RHB Jeff Goodrum
|
0-0: Called Strike 0-1: Called Strike 0-2: Foul Ball, location: 2F 0-2: Strikes out swinging
|
Batting: LHB Bryan Hodensack
|
0-0: Ball 1-0: Ball 2-0: Called Strike 2-1: Called Strike 2-2: Strikes out looking
|
Bottom of the 7th over - 0 runs, 0 hits, 0 errors, 0 left on base; Detroit (APP) 6 - Oakland (APP) 0 |
TOP OF THE 8TH |
Detroit (APP) Tigers batting - Pitching for Oakland (APP) Athletics : RHP Matt Schmidt
|
Pitching: LHP Noah Young
|
|
Batting: RHB Alex Duarte
|
0-0: Called Strike 0-1: Swinging Strike 0-2: Foul Ball, location: 2F 0-2: Strikes out swinging
|
Batting: RHB Jamie Villagrana
|
0-0: Ball 1-0: Ball 2-0: Swinging Strike 2-1: Swinging Strike 2-2: Strikes out swinging
|
Batting: RHB Nate Dabney
|
0-0: Called Strike 0-1: Foul Ball, location: 2F 0-2: Strikes out swinging
|
Top of the 8th over - 0 runs, 0 hits, 0 errors, 0 left on base; Detroit (APP) 6 - Oakland (APP) 0 |
BOTTOM OF THE 8TH |
Oakland (APP) Athletics batting - Pitching for Detroit (APP) Tigers : RHP Danny Whitfield
|
Pitching: RHP Alvaro Patino
|
|
Pinch Hitting: RHB Nathaniel Adderley
|
0-0: Ball 1-0: Ball 2-0: Ground out 4-3 (Groundball, 4, EV 89.4 MPH)
|
Batting: RHB Dave Villarreal
|
0-0: Ball 1-0: Swinging Strike 1-1: Ball 2-1: Ball 3-1: Foul Ball, location: 2F 3-2: Foul Ball, location: 2F 3-2: Foul Ball, location: 2F 3-2: Base on Balls
|
Batting: LHB Diego Vega
|
0-0: Foul Ball, location: 2F 0-1: Fly out, F9 (Flyball, 9LS, EV 81.2 MPH)
|
Batting: RHB Gabe Secundino
|
0-0: Called Strike 0-1: Foul Ball, location: 2F 0-2: Strikes out swinging
|
Bottom of the 8th over - 0 runs, 0 hits, 0 errors, 1 left on base; Detroit (APP) 6 - Oakland (APP) 0 |
TOP OF THE 9TH |
Detroit (APP) Tigers batting - Pitching for Oakland (APP) Athletics : LHP Noah Young
|
Now in LF: Diego Vega
|
|
Now in RF: Nathaniel Adderley
|
|
Batting: RHB Jorge Lebron
|
0-0: Called Strike 0-1: Foul Ball, location: 2F 0-2: Ball 1-2: Ball 2-2: Ground out 6-3 (Groundball, 6, EV 106.2 MPH)
|
Batting: RHB Khalil Coleman
|
0-0: Foul Ball, location: 2F 0-1: Foul Ball, location: 2F 0-2: Ball 1-2: Strikes out swinging
|
Batting: LHB Glen Boyle
|
0-0: Ball 1-0: Ball 2-0: Called Strike 2-1: Foul Ball, location: 2F 2-2: Strikes out swinging
|
Top of the 9th over - 0 runs, 0 hits, 0 errors, 0 left on base; Detroit (APP) 6 - Oakland (APP) 0 |
BOTTOM OF THE 9TH |
Oakland (APP) Athletics batting - Pitching for Detroit (APP) Tigers : RHP Alvaro Patino
|
Batting: RHB Phoctor Dill
|
0-0: Called Strike 0-1: Ground out 5-3 (Groundball, 5, EV 80.0 MPH)
|
Batting: RHB Toyohiko Nakajima
|
0-0: Foul Ball, location: 2F 0-1: Swinging Strike 0-2: Ball 1-2: Foul Ball, location: 2F 1-2: Strikes out looking
|
Batting: RHB Pete Goerge
|
0-0: Ball 1-0: Ball 2-0: Ball 3-0: Called Strike 3-1: Base on Balls
|
Batting: RHB Jeff Goodrum
|
0-0: Called Strike 0-1: Ground out 4-3 (Groundball, 34, EV 88.1 MPH)
|
Bottom of the 9th over - 0 runs, 0 hits, 0 errors, 1 left on base; Detroit (APP) 6 - Oakland (APP) 0 |
|